 Dungeon Crawl Stone Soup version 0.19.0 (webtiles) character file.

63 Magifyre the Scratcher (level 3, -3/17 HPs)
             Began as a Felid Chaos Knight on Nov 11, 2016.
             Killed by nerve-wracking pain
             ... invoked by a shadow imp
             ... summoned by Xom
              (11 damage)
             ... on level 2 of the Dungeon.
             The game lasted 00:06:49 (1685 turns).

Magifyre the Scratcher (Felid Chaos Knight)         Turns: 1685, Time: 00:06:53

Health: -3/17      AC:  1    Str:  6    XL:     3   Next: 87%
Magic:  4/4        EV: 18    Int: 11    God:    Xom [......]
Gold:   101        SH:  0    Dex: 14    Spells: 0 memorised, 2 levels left
                                        Lives:  0   Deaths: 0

rFire  . . .     SeeInvis +       - Unarmed
rCold  . . .     Gourm    .     (armour unavailable)
rNeg   . . .     Faith    .     (shield unavailable)
rPois  .         Spirit   .     (helmet unavailable)
rElec  .         Reflect  .     (cloak unavailable)
rCorr  .         Harm     .     (gloves unavailable)
MR     .....                    (boots unavailable)
Stlth  ++........               (no amulet)
                                (no ring)
                                (no ring)

@: quick
A: no armour, no weapons or thrown items, stealth, claws 1, fangs 3, see
invisible, carnivore 3, clumsy 1, deterioration 1, dopey 1, speed 1, shaggy fur
1, slow metabolism 1, weak 1, sharp paws
a: Renounce Religion


You were on level 2 of the Dungeon.
You worshipped Xom.
You were a very special plaything of Xom.
You were completely stuffed.

You visited 1 branch of the dungeon, and saw 2 of its levels.

You collected 101 gold pieces.

Inventory:

Jewellery
 o - an uncursed ring of wizardry {unknown}
Scrolls
 b - 2 scrolls of fog {unknown}
 c - 3 scrolls of magic mapping {unknown}
 g - a scroll of recharging {unknown}
 j - a scroll of immolation {unknown}
 k - 2 scrolls of identify {unknown}
 l - a scroll of blinking {unknown}
 m - a scroll of enchant armour {unknown}
Potions
 e - a potion of heal wounds {unknown}
 h - 2 potions of ambrosia {unknown}
 i - a potion of lignification {unknown}
 n - a potion of cancellation {unknown}
Comestibles
 a - 5 meat rations
 d - a beef jerky
 f - 3 chunks of flesh


   Skills:
 - Level 3.0 Fighting
 - Level 3.2 Dodging
 + Level 4.8 Unarmed Combat


You had 2 spell levels left.
You didn't know any spells.

Dungeon Overview and Level Annotations

Branches:
Dungeon (2/15)

Altars:
Nemelex Xobeh


Innate Abilities, Weirdness & Mutations

You cannot wear armour.
You are incapable of wielding weapons or throwing items.
Your paws allow you to move quietly. (Stealth)
You have sharp claws.
You have razor-sharp teeth.
You have supernaturally acute eyesight. (SInv)
You are carnivorous and can eat meat at any time.
You cover ground quickly.
You are covered in fur. (AC +1)
You have a slow metabolism.
Your sharp claws are effective at attacking unaware monsters.
You are clumsy. (Dex -2)
Your body sometimes deteriorates upon taking damage.
You are dopey. (Int -2)
You are weak. (Str -2)


Message History

The bat hits you but does no damage.
You scratch the bat.
You kill the bat!
Things that are here:
a bat corpse x2
Butcher a bat corpse? [(y)es/(c)hoosy/(n)o/(a)ll/(e)dible/(q)uit/?]
You butcher the bat corpse. x2
f - 2 chunks of flesh (gained 1);
f - 3 chunks of flesh (gained 1)
You start resting. "Let's see if it's strong enough to survive yet."
You closely miss the shadow imp.
You scratch the shadow imp but do no damage.
The shadow imp hits you.
You scratch the shadow imp. Your claw misses the shadow imp.
The shadow imp is severely wounded.
The shadow imp shouts, "Disclaim thyself, thou ducking two-tin-hat efter!"
The shadow imp gestures at you. Pain shoots through your body!
Ouch! That really hurt!
You die...

#.#.....##.#..##......)....
#.#.....+....#.............
#.#.....###.)..............
#.##....# #...########....#
#.##....# ##### #.....
#..+....# #..... ####....#
#..... #....#### ####..
#.....5@# #.. #.......# ##.
#.......# #. ####....# #.
#....# ## ###### # # # #


You could see a shadow imp.

Vanquished Creatures
  An adder (D:2)
  2 worms (D:2)
  A dart slug (D:1)
  2 leopard geckos (D:2)
  2 giant cockroaches (D:2)
  4 goblins
  4 hobgoblins
  3 jackals
  3 kobolds
  2 ball pythons
  9 bats
  4 frilled lizards (D:1)
  7 rats
44 creatures vanquished.

Notes
Turn   | Place    | Note
-------+----------+-------------------------------------------
     0 | D:1      | Magifyre the Felid Chaos Knight began the quest for the Orb.
     0 | D:1      | Reached XP level 1. HP: 10/10 MP: 2/2
   136 | D:1      | Reached XP level 2. HP: 14/14 MP: 3/3
   296 | D:1      | XOM: harmless Hex miscast
   424 | D:1      | Found a sparkling altar of Nemelex Xobeh.
   472 | D:1      | Reached skill level 4 in Unarmed Combat
   545 | D:1      | XOM: harmless Necr miscast
   639 | D:1      | XOM: harmless Tloc miscast
   762 | D:1      | XOM is BORED!
   762 | D:1      | XOM: noise
   785 | D:2      | Reached XP level 3. HP: 17/17 MP: 4/4
   863 | D:2      | XOM: 1-stop teleportation journey
  1059 | D:1      | XOM: cloud trail
  1395 | D:2      | XOM is BORED!
  1395 | D:2      | XOM: give mutations
  1395 | D:2      | Gained mutation: You are weak. (Str -2) [Xom's mischief]
  1395 | D:2      | Gained mutation: You are clumsy. (Dex -2) [Xom's mischief]
  1395 | D:2      | Gained mutation: Your body sometimes deteriorates upon taking damage. [Xom's mischief]
  1395 | D:2      | Gained mutation: You are dopey. (Int -2) [Xom's mischief]
  1406 | D:2      | XOM: god gift: 4 meat rations
  1409 | D:2      | XOM: mild Chrm miscast
  1646 | D:2      | XOM: polymorph bat -> adder
  1681 | D:2      | XOM: summons 1 hostile demon
  1685 | D:2      | Killed from afar by a shadow imp

Skill      XL: |  1  2 |
---------------+-------+-----
Unarmed Combat | 4 |  4.8
Fighting       | |  3.0
Dodging        | |  3.2

Action                   || total
-------------------------++-------
Melee: Unarmed           ||   132
       Bite              ||    19
       Punch             ||     1
 Stab: Sleeping          ||     3
  Eat: Chunk             ||     9
Armor: Skin              ||    12
Dodge: Dodged            ||   124
